[Event "Titled Tuesday Blitz November 07 Early 2023"]
[White "Jia, Haoxiang"]
[Black "Senthil Maran K"]
[WhiteFideId "8602999"]
[BlackFideId "25035681"]
[WhiteElo "2562"]
[BlackElo "2525"]
[Result "0-1"]
[Round "3"]
[TimeControl "180+1"]
[Date "2023.11.07"]
[WhiteClock "0:00:09"]
[BlackClock "0:00:35"]
[Board "158"]

1. d4 Nf6 2. Bf4 d5 3. e3 c5 4. c3 Nc6 5. Nf3 cxd4 6. exd4 Bg4 7. Nbd2 e6 8. Qb3 Bd6 9. Qxb7 O-O 10. Qxc6 Bxf4 11. Be2 Rb8 12. Nb3 a5 13. h3 Bxf3 14. Bxf3 Qd7 15. Qa6 Ra8 16. Qe2 Rfb8 17. O-O Ne8 18. Nc5 Qa7 19. g3 Bd6 20. Nd3 Bf8 21. a4 Nd6 22. Rfe1 Nc4 23. Qc2 Rb6 24. b3 Nd6 25. Nc5 Rab8 26. Rab1 Qc7 27. Bg4 Nb7 28. Nxe6 fxe6 29. Bxe6+ Kh8 30. Bxd5 Nd6 31. c4 Ne8 32. Qf5 Nf6 33. Bf3 Rxb3 34. Rxb3 Rxb3 35. c5 Rb4 36. Re8 Rb8 37. Rxb8 Qxb8 38. Kg2 Qd8 39. Qe5 Be7 40. g4 h6 41. Bb7 Nh7 42. Qe3 Bg5 43. f4 Bf6 44. d5 Nf8 45. d6 Nd7 46. c6 Qb8 47. Qf3 Qxd6 48. cxd7 Qxd7 49. g5 hxg5 50. fxg5 Qd2+ 51. Kf1 Qc1+ 52. Ke2 Qxg5 53. Be4 Kg8 54. Qb3+ Kf8 55. Qb8+ Ke7 56. Qc7+ Ke6 57. Qb6+ Ke7 58. Bf3 Qe5+ 59. Kf1 Bh4 60. Qb7+ Kf6 61. Qc6+ Ke7 62. Qb7+ Kf8 63. Qc8+ Ke7 64. Qc1 Qg3 65. Qe3+ Kf6 66. Qd4+ Ke7 67. Qe3+ Kd6 68. Qd4+ Kc7 69. Qc5+ Kd7 70. Bg4+ Kd8 71. Qxa5+ Ke7 72. Qb4+ Kf6 73. Qd4+ Ke7 74. Qxg7+ Kd6 75. Qd4+ Ke7 76. Ke2 Qe1+ 77. Kd3 Qb1+ 78. Kc4 Qa2+ 79. Kb5 Bf2 80. Qe5+ Kf8 81. Qf6+ Ke8 82. Bh5+ Kd7 83. Bg4+ Ke8 84. Bh5+ Kd7 85. Qc6+ Ke7 86. Qe4+ Kf6 87. Qf4+ Ke7 88. Qe5+ Kd7 89. Be8+ Kd8 90. Bc6 Qb3+ 91. Ka5 Qb6# 0-1


[Site "https://www.chess.com"]

[Event "Titled Tuesday Blitz November 07 Early 2023"]
[White "ilya2700"]
[Black "Roebers, Eline"]
[BlackFideId "1058401"]
[WhiteElo "2298"]
[BlackElo "2557"]
[Result "0-1"]
[Round "3"]
[TimeControl "180+1"]
[Date "2023.11.07"]
[WhiteClock "0:01:51"]
[BlackClock "0:01:38"]
[Board "159"]

1. d4 f5 2. g3 Nf6 3. Bg2 g6 4. c4 Bg7 5. Nc3 O-O 6. Nf3 d6 7. O-O Qe8 8. d5 Na6 9. Nd4 Bd7 10. Re1 Qf7 11. Rb1 Rac8 12. Bg5 h6 13. Bxf6 Bxf6 14. e4 Nc5 15. exf5 Bxd4 16. Qxd4 Bxf5 17. Rbd1 Nd3 18. Re2 Ne5 19. Rde1 Bg4 20. Re3 Qxf2+ 21. Kh1 Bf3 22. Rg1 Ng4 23. Rxf3 Qxd4 0-1


[Site "https://www.chess.com"]

[Event "Titled Tuesday Blitz November 07 Early 2023"]
[White "Lesbekova, Assel"]
[Black "Lymar, Vladislav"]
[WhiteFideId "13713248"]
[BlackFideId "14162180"]
[WhiteElo "2294"]
[BlackElo "2556"]
[Result "1-0"]
[Round "3"]
[TimeControl "180+1"]
[Date "2023.11.07"]
[WhiteClock "0:00:57"]
[BlackClock "0:00:00"]
[Board "160"]

1. e4 d6 2. d4 Nf6 3. Nc3 e5 4. Nf3 Nbd7 5. Bc4 Be7 6. a4 O-O 7. O-O a5 8. h3 c6 9. d5 Nc5 10. Re1 Ne8 11. Be3 Qb6 12. b3 Kh8 13. Ng5 h6 14. Qh5 Bxg5 15. Bxg5 Kh7 16. Be7 Rg8 17. Qxf7 Qc7 18. dxc6 Nf6 19. Nb5 Qxc6 20. Bxf6 Be6 21. Bxe6 Nxe6 22. Qxe6 gxf6 23. Qxd6 Qxc2 24. Qd7+ Rg7 25. Qf5+ Kh8 26. Re3 Rf8 27. Rf1 Qc5 28. Rc3 Qb4 29. Rg3 b6 30. Rxg7 Kxg7 31. Qd7+ Rf7 32. Qd6 Qxb3 33. Nc7 Qxa4 34. Ne6+ Kh7 35. Nd8 Rd7 36. Qxf6 Qxe4 37. Ne6 Rc7 38. Nxc7 a4 39. Ne8 1-0


[Site "https://www.chess.com"]

[Event "Titled Tuesday Blitz November 07 Early 2023"]
[White "Kohler, Aran"]
[Black "Czopor, Maciej"]
[WhiteFideId "1002856"]
[BlackFideId "21805431"]
[WhiteElo "2286"]
[BlackElo "2556"]
[Result "1-0"]
[Round "3"]
[TimeControl "180+1"]
[Date "2023.11.07"]
[WhiteClock "0:00:44"]
[BlackClock "0:00:00"]
[Board "161"]

1. d4 g6 2. c3 Bg7 3. Bg5 h6 4. Bh4 g5 5. Bg3 d6 6. e3 Nc6 7. Nd2 e5 8. Bd3 Qe7 9. h4 Nf6 10. hxg5 hxg5 11. Rxh8+ Bxh8 12. Qe2 Bg4 13. f3 Bd7 14. O-O-O O-O-O 15. Nh3 Re8 16. Re1 g4 17. Nf2 Nh5 18. Nh1 Nxg3 19. Nxg3 Qg5 20. Nge4 Qg8 21. d5 Ne7 22. c4 f5 23. Nc3 e4 24. fxe4 Bxc3 25. bxc3 Qg7 26. Kc2 fxe4 27. Bxe4 Ng8 28. Qd3 Qe5 29. Rf1 Kb8 30. Rf7 Ba4+ 31. Kb2 Nf6 32. Bg6 Rh8 33. Qd4 Qxd4 34. cxd4 Nd7 35. Bf5 Nf8 36. Bxg4 b6 37. Bf3 Ng6 38. Kc3 a5 39. Ne4 Rh1 40. Nf6 Rc1+ 41. Kd3 Bc2+ 42. Kd2 1-0


[Site "https://www.chess.com"]

[Event "Titled Tuesday Blitz November 07 Early 2023"]
[White "Belanoff, Ted"]
[Black "brm72"]
[WhiteFideId "2070588"]
[WhiteElo "2285"]
[BlackElo "2554"]
[Result "1-0"]
[Round "3"]
[TimeControl "180+1"]
[Date "2023.11.07"]
[WhiteClock "0:01:27"]
[BlackClock "0:00:22"]
[Board "162"]

1. b4 e5 2. a3 Nf6 3. Bb2 d6 4. g3 g6 5. Bg2 Bg7 6. d4 exd4 7. Bxd4 O-O 8. Nd2 Nc6 9. Bb2 Re8 10. Ngf3 Bg4 11. O-O Qd7 12. c4 Bh3 13. e3 Bxg2 14. Kxg2 a5 15. b5 Nd8 16. Nb3 Ne6 17. Nfd4 a4 18. Nxe6 Qxe6 19. Nd2 Nd7 20. Bxg7 Kxg7 21. Rc1 Nc5 22. Qf3 f5 23. Nb1 Ne4 24. Nc3 Nd2 25. Qxb7 Nxf1 26. Kxf1 Qxc4+ 27. Ne2 Reb8 28. Qxc7+ Qxc7 29. Rxc7+ Kg8 30. Nd4 Rc8 31. Rd7 Rc3 32. b6 Rb8 33. b7 Rb3 34. Nxb3 axb3 35. Rxd6 Rxb7 36. Rd1 Ra7 37. Ra1 Kf7 38. Ke2 Ke6 39. Kd3 b2 40. Rb1 Rxa3+ 41. Kc2 Ra2 42. Rxb2 Rxb2+ 43. Kxb2 Ke5 44. f3 g5 45. Kc3 g4 46. fxg4 fxg4 47. Kd3 h5 48. e4 Ke6 49. Kd4 Kd6 50. e5+ Ke6 51. Ke4 Ke7 52. Kf5 Kf7 53. Kg5 Ke6 54. Kxh5 Kxe5 55. Kxg4 Kf6 56. Kh5 Kg7 57. Kg5 Kh8 58. Kg6 Kg8 59. h4 Kh8 60. h5 Kg8 61. Kf6 Kh8 62. g4 Kh7 63. g5 Kg8 64. Ke7 Kg7 65. g6 Kh6 66. Kf7 Kxh5 67. g7 Kh6 68. g8=Q Kh5 69. Qg6+ Kh4 70. Kf6 Kh3 71. Kf5 Kh2 72. Kf4 Kh1 73. Kf3 Kh2 74. Qg2# 1-0


[Site "https://www.chess.com"]

[Event "Titled Tuesday Blitz November 07 Early 2023"]
[White "Ruge, Edison"]
[Black "OPQRC"]
[WhiteFideId "4401000"]
[WhiteElo "2269"]
[BlackElo "2549"]
[Result "0-1"]
[Round "3"]
[TimeControl "180+1"]
[Date "2023.11.07"]
[WhiteClock "0:00:00"]
[BlackClock "0:00:10"]
[Board "163"]

1. e4 c5 2. Nf3 d6 3. d3 a6 4. Nbd2 b5 5. g3 Bb7 6. Bg2 Nd7 7. h4 e5 8. O-O Ngf6 9. Re1 Be7 10. Nf1 Qc7 11. Ne3 h6 12. a4 g6 13. axb5 axb5 14. Rxa8+ Bxa8 15. c3 d5 16. exd5 Nxd5 17. Qb3 Nxe3 18. Bxe3 Bc6 19. d4 c4 20. Qc2 e4 21. Nd2 f5 22. Bf4 Bd6 23. Bxd6 Qxd6 24. h5 gxh5 25. Nf3 O-O 26. Nh4 Qf6 27. Qe2 Qg5 28. d5 Bxd5 29. Rd1 Nf6 30. Bh3 f4 31. Rxd5 Nxd5 32. Qxe4 fxg3 33. Be6+ Kg7 34. Nf5+ Rxf5 35. Bxf5 gxf2+ 36. Kxf2 Qd2+ 37. Kg3 h4+ 38. Kh3 Nf4+ 39. Kg4 h5+ 40. Kg5 Ne6+ 41. Kxh4 Qg5+ 42. Kh3 Nf4+ 43. Kh2 Qh4+ 44. Kg1 Qg3+ 45. Kf1 Qd3+ 0-1


[Site "https://www.chess.com"]

[Event "Titled Tuesday Blitz November 07 Early 2023"]
[White "Iskusnyh, Sergei"]
[Black "Kula, Robert"]
[WhiteFideId "4120027"]
[BlackFideId "1101218"]
[WhiteElo "2547"]
[BlackElo "2259"]
[Result "1/2-1/2"]
[Round "3"]
[TimeControl "180+1"]
[Date "2023.11.07"]
[WhiteClock "0:00:34"]
[BlackClock "0:00:41"]
[Board "164"]

1. d4 d5 2. c4 e6 3. g3 c6 4. Nf3 f5 5. Bg2 Nf6 6. O-O Be7 7. b3 O-O 8. Ba3 Bd7 9. Qc1 Be8 10. Bxe7 Qxe7 11. Qa3 Qxa3 12. Nxa3 Bh5 13. Rfe1 Bxf3 14. exf3 Kf7 15. Nc2 Nbd7 16. Nb4 a5 17. Nd3 a4 18. c5 axb3 19. axb3 Rfb8 20. b4 Ne8 21. f4 Nc7 22. Ne5+ Nxe5 23. dxe5 Ke7 24. Bf1 Kd7 25. Bd3 g6 26. Kg2 Rxa1 27. Rxa1 Ra8 28. Rxa8 Nxa8 29. g4 h6 30. Kg3 Ke7 31. h4 Nc7 32. h5 Kf7 33. hxg6+ Kxg6 34. Kf3 h5 35. gxf5+ exf5 36. Kg3 Ne6 37. Be2 Kh6 38. Bd1 Kg6 39. Be2 Kh6 40. Bd1 Kg6 41. Be2 1/2-1/2


[Site "https://www.chess.com"]

[Event "Titled Tuesday Blitz November 07 Early 2023"]
[White "Balla, Tamas-Kristof"]
[Black "Goltseva, Ekaterina"]
[WhiteFideId "1208497"]
[BlackFideId "24173770"]
[WhiteElo "2304"]
[BlackElo "2546"]
[Result "1-0"]
[Round "3"]
[TimeControl "180+1"]
[Date "2023.11.07"]
[WhiteClock "0:00:22"]
[BlackClock "0:00:07"]
[Board "165"]

1. e4 e5 2. Nf3 Nc6 3. d4 exd4 4. Nxd4 Bb4+ 5. c3 Bc5 6. Be3 Bb6 7. Nf5 g6 8. Bxb6 axb6 9. Ne3 Nf6 10. Nd2 d5 11. Bd3 dxe4 12. Nxe4 Be6 13. O-O O-O 14. Nxf6+ Qxf6 15. Bc4 Rfd8 16. Qc2 Ne5 17. Bxe6 Qxe6 18. a3 Nd3 19. Rad1 Nf4 20. h3 Qc6 21. Qb3 Rxd1 22. Rxd1 Ra5 23. Qb4 Ne6 24. Qe7 Ra8 25. Ng4 Nf8 26. Re1 Kg7 27. Ne5 Qe6 28. Qxc7 Re8 29. Re3 Qc8 30. Qxb6 Qc6 31. Nxc6 Rxe3 32. fxe3 bxc6 33. Qxc6 Ne6 34. Qxe6 fxe6 35. a4 Kf6 36. a5 Ke5 37. a6 Ke4 38. a7 e5 39. a8=Q+ Kxe3 40. Qd5 e4 41. Kf1 h5 42. Ke1 h4 43. Qd2# 1-0


[Site "https://www.chess.com"]

[Event "Titled Tuesday Blitz November 07 Early 2023"]
[White "Shukhman, Anna"]
[Black "le-castor-faineant"]
[WhiteFideId "54180058"]
[WhiteElo "2543"]
[BlackElo "2242"]
[Result "1/2-1/2"]
[Round "3"]
[TimeControl "180+1"]
[Date "2023.11.07"]
[WhiteClock "0:00:05"]
[BlackClock "0:00:03"]
[Board "166"]

1. e4 e5 2. Nf3 Nf6 3. Nxe5 d6 4. Nd3 Nxe4 5. Qe2 Qe7 6. f3 Nf6 7. Nc3 Nc6 8. Nf4 Nd4 9. Qxe7+ Bxe7 10. Bd3 c6 11. O-O O-O 12. Re1 Re8 13. b3 d5 14. Bb2 Ne6 15. Nxe6 Bxe6 16. Ne2 Bc5+ 17. Bd4 Bxd4+ 18. Nxd4 c5 19. Nb5 Rec8 20. c4 d4 21. f4 a6 22. Nd6 Rc7 23. f5 Bd7 24. Re7 Ne8 25. Nxf7 Bxf5 26. Rxc7 Nxc7 27. Bxf5 Kxf7 28. Rf1 Kg8 29. Be4 Rb8 30. Rf5 b6 31. d3 Rf8 32. Re5 Re8 33. Bd5+ Kh8 34. Rf5 Nxd5 35. cxd5 g6 36. Rf6 Rd8 37. Rxb6 Rxd5 38. Rxa6 Kg7 39. Rc6 Re5 40. Kf2 Re3 41. Rxc5 Rxd3 42. Rd5 Rd2+ 43. Kf3 Rxa2 44. Rxd4 Ra3 45. Rd3 Kf6 46. g4 h5 47. gxh5 gxh5 48. Ke4 Ke6 49. Rh3 Kd6 50. Kd4 Ra5 51. b4 Rg5 52. Kc4 Kc6 53. Rh4 Kb6 54. Rf4 Kc6 55. Rf6+ Kb7 56. Rh6 Rg4+ 57. Kb5 h4 58. Rh7+ Kb8 59. Ka6 Rxb4 60. Rh8+ Kc7 61. Ka5 Rg4 62. Kb5 Kd6 63. Rh5 Ke6 64. Kc5 Kf6 65. Rh8 Kf5 66. Kd5 Kf4 67. Kd4 Kf3+ 68. Kd3 Kg2 69. Ke2 Kxh2 70. Kf3 Rg3+ 71. Kf2 h3 72. Rh7 Rg2+ 73. Kf1 Ra2 74. Rh8 Ra1+ 75. Kf2 Ra3 76. Kf1 Kh1 77. Kf2 h2 78. Rh7 Ra2+ 79. Kf1 Ra1+ 80. Kf2 Ra6 81. Rf7 Rg6 82. Rf5 Rg2+ 83. Kf1 Rg1+ 84. Kf2 Rg8 85. Rf7 Rf8 86. Rxf8 1/2-1/2


[Site "https://www.chess.com"]

[Event "Titled Tuesday Blitz November 07 Early 2023"]
[White "Bazilius, Augustinas"]
[Black "Rodriguez Dominguez, Melissa"]
[WhiteFideId "12832251"]
[BlackFideId "3517560"]
[WhiteElo "2535"]
[BlackElo "2237"]
[Result "0-1"]
[Round "3"]
[TimeControl "180+1"]
[Date "2023.11.07"]
[WhiteClock "0:00:07"]
[BlackClock "0:00:11"]
[Board "167"]

1. d4 d5 2. c4 c6 3. Nf3 Nf6 4. g3 dxc4 5. Bg2 b5 6. Ne5 Bb7 7. O-O Qb6 8. b3 cxb3 9. axb3 e6 10. Nc3 Be7 11. Be3 O-O 12. d5 c5 13. d6 Bxd6 14. Bxb7 Bxe5 15. Bxa8 Bxc3 16. Rc1 b4 17. Qd3 Nbd7 18. Bg2 Ne5 19. Qc2 Nd5 20. Bd2 Bxd2 21. Qxd2 Nc3 22. Rc2 Nc6 23. e3 Na5 24. Rb2 c4 25. Rc1 Nxb3 26. Rxb3 cxb3 27. Qb2 a5 28. Qxb3 Ne2+ 0-1


[Site "https://www.chess.com"]

[Event "Titled Tuesday Blitz November 07 Early 2023"]
[White "Sarkar, Justin"]
[Black "Manukian, Artak"]
[WhiteFideId "2010011"]
[BlackFideId "13301373"]
[WhiteElo "2233"]
[BlackElo "2534"]
[Result "0-1"]
[Round "3"]
[TimeControl "180+1"]
[Date "2023.11.07"]
[WhiteClock "0:00:00"]
[BlackClock "0:00:11"]
[Board "168"]

1. e4 c6 2. d4 d5 3. exd5 cxd5 4. c3 Nc6 5. Nf3 Bg4 6. h3 Bh5 7. Bf4 e6 8. Qb3 Qb6 9. Nbd2 Nf6 10. Qxb6 axb6 11. Ne5 Nxe5 12. Bxe5 Nd7 13. Bb5 Be7 14. g4 Bg6 15. Bxg7 Rg8 16. Be5 h5 17. Ke2 f6 18. Bc7 Bd8 19. Bxd8 Kxd8 20. Rhg1 hxg4 21. hxg4 e5 22. Nf3 Be4 23. Bxd7 Kxd7 24. dxe5 Bxf3+ 25. Kxf3 fxe5 26. Ke3 Ra4 27. f3 Ke6 28. a3 Rf4 29. Rad1 b5 30. Rh1 Rgf8 31. Rh6+ R8f6 32. Rxf6+ Rxf6 33. Rg1 Rh6 34. g5 Rh8 35. g6 Kf5 36. g7 Rg8 37. Rg2 Kf6 38. f4 e4 39. Rg5 Rxg7 40. Rxd5 Rg1 41. Kxe4 Re1+ 42. Kf3 Rf1+ 43. Ke3 Re1+ 44. Kf2 Re4 45. Rxb5 Rxf4+ 46. Ke3 Rh4 47. Rxb7 Ke5 48. a4 Kd6 49. a5 Kc6 50. a6 Ra4 51. Rg7 Kc5 52. Rg6 Kc4 53. Kd2 Kb3 54. Rg3 Kxb2 55. Kd3 Rxa6 56. Rg5 Rd6+ 0-1


[Site "https://www.chess.com"]

[Event "Titled Tuesday Blitz November 07 Early 2023"]
[White "knightinshiningarmour16"]
[Black "Mihailidis, Anastasios"]
[BlackFideId "4205588"]
[WhiteElo "2172"]
[BlackElo "2534"]
[Result "0-1"]
[Round "3"]
[TimeControl "180+1"]
[Date "2023.11.07"]
[WhiteClock "0:01:10"]
[BlackClock "0:01:33"]
[Board "169"]

1. d4 d5 2. Nf3 Nf6 3. c4 e6 4. Nc3 h6 5. Nxd5 exd5 6. cxd5 Qxd5 7. e3 Bb4+ 8. Bd2 Bxd2+ 9. Qxd2 O-O 10. Bd3 Bf5 11. O-O Bxd3 12. Qxd3 c6 13. Rfe1 Re8 14. h3 Nbd7 15. Nd2 Nc5 16. Qc2 Nce4 17. Nc4 Nd6 18. Ne5 Qe6 19. f3 Nd7 20. Ng4 Qg6 21. e4 h5 22. Nf2 Nb5 23. Qd2 Rad8 24. a4 Nc7 25. b4 Nf6 26. Rad1 Ne6 27. Qb2 h4 28. e5 Nd5 29. Ne4 Ng5 30. Kh1 Nxe4 31. Rxe4 Qg5 32. Rg4 Qh6 33. Qf2 Ne3 34. Rxh4 Nxd1 0-1


[Site "https://www.chess.com"]

[Event "Titled Tuesday Blitz November 07 Early 2023"]
[White "Rietze, Clemens, Dr."]
[Black "Maluco_do_Natal_00"]
[WhiteFideId "24620351"]
[WhiteElo "2531"]
[BlackElo "2119"]
[Result "1-0"]
[Round "3"]
[TimeControl "180+1"]
[Date "2023.11.07"]
[WhiteClock "0:01:26"]
[BlackClock "0:00:03"]
[Board "170"]

1. d4 d5 2. c4 c6 3. Nf3 Nf6 4. Nc3 dxc4 5. a4 Bf5 6. Ne5 Nbd7 7. Nxc4 e6 8. g3 Bb4 9. Bg2 O-O 10. O-O h6 11. e4 Bh7 12. Qe2 Qe7 13. a5 c5 14. e5 Ne8 15. Be3 cxd4 16. Bxd4 Bc5 17. Rfd1 Bxd4 18. Rxd4 Rb8 19. Nb5 Qc5 20. Rxd7 Qxb5 21. Rad1 Rc8 22. R1d4 Rc7 23. Rd8 Bb1 24. Bf1 Ba2 25. Nd6 Qxe2 26. Bxe2 Bd5 27. Rxe8 Rc1+ 28. Rd1 Rxd1+ 29. Bxd1 Rxe8 30. Nxe8 1-0


[Site "https://www.chess.com"]

[Event "Titled Tuesday Blitz November 07 Early 2023"]
[White "Winkels, Marcel"]
[Black "Tikhonov, Viacheslav"]
[WhiteFideId "1003887"]
[BlackFideId "44196407"]
[WhiteElo "2080"]
[BlackElo "2531"]
[Result "0-1"]
[Round "3"]
[TimeControl "180+1"]
[Date "2023.11.07"]
[WhiteClock "0:01:50"]
[BlackClock "0:01:10"]
[Board "171"]

1. e4 c5 2. Nf3 Nc6 3. d4 cxd4 4. Nxd4 Nf6 5. Nc3 e5 6. Ndb5 d6 7. Bg5 a6 8. Na3 b5 9. Nab1 Be7 10. Bxf6 Bxf6 11. Nd5 Rb8 12. Be2 Bg5 13. O-O O-O 14. c3 Be6 15. Na3 Kh8 16. Nc2 Ne7 17. Nce3 Nxd5 18. Nxd5 f5 19. exf5 Bxf5 20. b4 Bh6 21. a4 Be6 22. axb5 axb5 23. Ra5 Qd7 24. Qa1 Bxd5 25. Rd1 Qc6 26. f3 e4 27. Ra6 Qb7 28. Ra7 Be3+ 29. Kh1 Bxa7 0-1


[Site "https://www.chess.com"]

[Event "Titled Tuesday Blitz November 07 Early 2023"]
[White "Ghosh, Chanchal Kumer"]
[Black "Alinasab, Mobina"]
[WhiteFideId "10201858"]
[BlackFideId "12528897"]
[WhiteElo "1970"]
[BlackElo "2530"]
[Result "0-1"]
[Round "3"]
[TimeControl "180+1"]
[Date "2023.11.07"]
[WhiteClock "0:00:00"]
[BlackClock "0:01:31"]
[Board "172"]

1. e4 c5 2. Nf3 d6 3. d4 cxd4 4. Nxd4 Nf6 5. Nc3 a6 6. Be2 e5 7. Nb3 Be7 8. Be3 Be6 9. O-O O-O 10. f4 exf4 11. Rxf4 Nc6 12. Rf1 d5 13. exd5 Nxd5 14. Nxd5 Qxd5 15. Bf3 Qe5 16. Qe1 Qxb2 17. Bxc6 bxc6 18. Nd4 Bc4 19. Rf3 Bc5 20. Nf5 Bxe3+ 21. Rxe3 Be6 22. Ne7+ Kh8 23. Rd1 Qxc2 24. h3 Rfe8 25. Rc1 Qxa2 26. Nxc6 Qd5 27. Ne5 h6 28. Qh4 Qd8 29. Qg3 Qg5 30. Qf2 Qf6 31. Qe2 Bd5 32. Re1 Re6 33. Qd2 Rd6 34. Ng4 Qg6 35. Qe2 Be6 36. Nf2 Rad8 37. Ne4 Rd4 38. Qf3 Bd5 39. Qf4 Bxe4 40. Rxe4 Rxe4 41. Rxe4 Rd1+ 42. Kh2 Qd6 43. Re5 f6 44. Re8+ Kh7 45. Qxd6 Rxd6 46. Ra8 g5 47. g4 Kg6 48. Kg3 f5 49. gxf5+ Kxf5 50. Ra7 Ke5 51. Kg4 Kd5 52. Kh5 Kc5 53. Ra8 Kb5 54. Rb8+ Rb6 55. Re8 a5 56. Re1 a4 57. Rb1+ Ka5 58. Ra1 Rc6 59. Ra2 Kb4 60. Rb2+ Ka3 0-1


[Site "https://www.chess.com"]

[Event "Titled Tuesday Blitz November 07 Early 2023"]
[White "Tifferet, Shaked"]
[Black "Perez Cruz, Adianet"]
[WhiteFideId "2811529"]
[BlackFideId "3510115"]
[WhiteElo "2529"]
[BlackElo "1947"]
[Result "0-1"]
[Round "3"]
[TimeControl "180+1"]
[Date "2023.11.07"]
[WhiteClock "0:00:00"]
[BlackClock "0:00:27"]
[Board "173"]

1. d4 d5 2. Nc3 Nf6 3. Bf4 c6 4. e3 Qb6 5. Rb1 Bf5 6. Nf3 e6 7. Bd3 Bg6 8. O-O Nbd7 9. Ne5 Nxe5 10. Bxe5 Nd7 11. Bg3 Be7 12. Ne2 Bxd3 13. Qxd3 O-O 14. c3 Bf6 15. f4 Rac8 16. b4 Qb5 17. Qd2 Be7 18. Nc1 Nf6 19. Qc2 Ne4 20. Nd3 f6 21. Bh4 Kf7 22. a4 Qb6 23. c4 dxc4 24. Ne5+ fxe5 25. fxe5+ Ke8 26. Bxe7 Kxe7 27. Qxe4 Rxf1+ 28. Rxf1 Rf8 29. Qh4+ Ke8 30. Qh5+ g6 31. Rxf8+ Kxf8 32. Qxh7 Qxb4 33. Qh8+ Ke7 34. Qf6+ Kd7 35. Qf7+ Kd8 36. Qf6+ Kd7 37. h4 Qe1+ 38. Kh2 Qxe3 39. Qf7+ Kd8 40. Qf8+ Kc7 41. Qd6+ Kb6 42. Qc5+ Kc7 43. Qd6+ Kb6 44. a5+ Ka6 45. Qxe6 Qf4+ 46. g3 Qf2+ 47. Kh3 Qxd4 48. Qxg6 Qxe5 49. Qc2 Qe6+ 50. Kh2 Kxa5 51. h5 b5 52. Qd2+ Kb6 53. h6 c3 54. Qd4+ c5 0-1


[Site "https://www.chess.com"]

[Event "Titled Tuesday Blitz November 07 Early 2023"]
[White "Mohammadian,Mohammad"]
[Black "Ronka, Erik"]
[WhiteFideId "12566055"]
[BlackFideId "505080"]
[WhiteElo "1873"]
[BlackElo "2526"]
[Result "0-1"]
[Round "3"]
[TimeControl "180+1"]
[Date "2023.11.07"]
[WhiteClock "0:00:15"]
[BlackClock "0:00:15"]
[Board "174"]

1. e4 c5 2. Nf3 e6 3. d4 cxd4 4. Nxd4 Nf6 5. Nc3 d6 6. Be2 Nc6 7. Be3 Be7 8. O-O O-O 9. f4 e5 10. Nxc6 bxc6 11. fxe5 dxe5 12. Qxd8 Rxd8 13. Rad1 Rxd1 14. Rxd1 a5 15. a3 Rb8 16. Na4 Nxe4 17. Bf3 Bf5 18. g4 Bg6 19. Nb6 Nc5 20. Bxc5 Bxc5+ 21. Kg2 Bxb6 22. Bxc6 Bxc2 23. Rc1 Bd3 24. Rd1 e4 25. b4 axb4 26. axb4 g6 27. b5 Kg7 28. Re1 Bc7 29. Bxe4 Bxe4+ 30. Rxe4 Rxb5 31. Re7 Rb2+ 32. Kf3 Bxh2 33. Rd7 Be5 34. Ke4 Bf6 35. Kf3 Rb4 36. Rd1 h5 37. gxh5 gxh5 38. Rg1+ Rg4 39. Rxg4+ hxg4+ 40. Kxg4 Kg6 41. Kf4 Bd8 42. Kg4 f5+ 43. Kf4 Bc7+ 44. Kf3 Kg5 45. Kf2 f4 46. Kf3 Kf5 47. Kf2 Kg4 48. Kg2 f3+ 49. Kf2 Bb6+ 50. Kf1 Kg3 51. Ke1 Kg2 52. Kd2 f2 53. Kd3 f1=Q+ 54. Ke4 Qf3+ 55. Ke5 Bg1 56. Ke6 Qf4 57. Kd7 Qe5 58. Kc6 Kf3 59. Kd7 Ke4 60. Kc6 Qd5+ 61. Kc7 Qe6 62. Kb7 Kd5 63. Kc7 Qf7+ 64. Kb8 Kc6 0-1


[Site "https://www.chess.com"]

[Event "Titled Tuesday Blitz November 07 Early 2023"]
[White "Thake, Conrad"]
[Black "Witty_Alien"]
[WhiteFideId "5602947"]
[WhiteElo "1809"]
[BlackElo "2251"]
[Result "0-1"]
[Round "3"]
[TimeControl "180+1"]
[Date "2023.11.07"]
[WhiteClock "0:01:13"]
[BlackClock "0:00:47"]
[Board "175"]

1. c4 c5 2. Nc3 Nc6 3. d3 g6 4. e4 Bg7 5. g3 h5 6. Bg2 h4 7. g4 Nd4 8. h3 d6 9. Nge2 e6 10. O-O Ne7 11. Be3 Nec6 12. a3 e5 13. f4 Bxg4 14. hxg4 h3 15. Bf3 exf4 16. Nxf4 Qh4 17. Bf2 Qg5 18. Be3 Ne5 19. Ncd5 Nexf3+ 20. Rxf3 Qxg4+ 21. Kf1 h2 22. Bxd4 h1=Q+ 23. Ke2 Rh2+ 24. Bf2 Qhxf3+ 25. Ke1 Qxf2# 0-1


[Site "https://www.chess.com"]

[Event "Titled Tuesday Blitz November 07 Early 2023"]
[White "Rasulov, Vugar"]
[Black "Jovic, Stanoje"]
[WhiteFideId "13402390"]
[BlackFideId "905020"]
[WhiteElo "2964"]
[BlackElo "2439"]
[Result "1-0"]
[Round "3"]
[TimeControl "180+1"]
[Date "2023.11.07"]
[WhiteClock "0:01:09"]
[BlackClock "0:00:00"]
[Board "176"]

1. a3 c5 2. b4 e5 3. Bb2 f6 4. e3 cxb4 5. axb4 Bxb4 6. Nf3 Ne7 7. c3 Ba5 8. Ba3 Bb6 9. e4 d5 10. exd5 Nxd5 11. Bc4 Be6 12. Qb3 Nc6 13. O-O Kf7 14. Qc2 Rc8 15. d3 h5 16. Nbd2 h4 17. Ne4 g5 18. Nd6+ Kg7 19. Nxc8 Qxc8 20. Bc1 g4 21. Nd2 g3 22. Ne4 gxh2+ 23. Kxh2 Nce7 24. Qe2 Bg4 25. f3 Bf5 26. Bxd5 Nxd5 27. c4 Ne7 28. Be3 Ng6 29. Rab1 Bxe3 30. Qxe3 b6 31. c5 bxc5 32. Nd6 Qe6 33. Rb7+ Kg8 34. Qxc5 Nf8 35. Qc4 Qxc4 36. dxc4 Be6 37. Rxa7 h3 38. g3 1-0


[Site "https://www.chess.com"]

[Event "Titled Tuesday Blitz November 07 Early 2023"]
[White "Socko, Bartosz"]
[Black "Bychkov, Vladimir"]
[WhiteFideId "1107038"]
[BlackFideId "24151513"]
[WhiteElo "2737"]
[BlackElo "2424"]
[Result "1-0"]
[Round "3"]
[TimeControl "180+1"]
[Date "2023.11.07"]
[WhiteClock "0:00:14"]
[BlackClock "0:00:04"]
[Board "177"]

1. g3 e5 2. Bg2 d6 3. d4 Nc6 4. d5 Nce7 5. e4 h5 6. Nf3 Ng6 7. h4 Bg4 8. c4 f5 9. Nc3 Nf6 10. Bg5 f4 11. Qb3 Qc8 12. gxf4 Nxf4 13. Bxf4 exf4 14. O-O-O Be7 15. Rhe1 O-O 16. Rd2 Nd7 17. Ng5 Bxg5 18. hxg5 f3 19. Bf1 Ne5 20. Nb5 Qd8 21. Qe3 h4 22. Bd3 h3 23. Rh1 c5 24. dxc6 bxc6 25. Nd4 g6 26. Bf1 Qd7 27. Nc2 c5 28. Qc3 Rf4 29. Ne3 Rxe4 30. Nxg4 Qxg4 31. Bxh3 Qf4 32. Kb1 Re8 33. Rxd6 Re2 34. Bd7 Re7 35. Bc6 Qf5+ 36. Ka1 Rc2 37. Bd5+ Kg7 38. Qe3 Nc6 39. Qxc5 Qe5 40. Rxg6+ Kxg6 41. Qxc6+ Kxg5 42. Qh6+ Kf5 43. Rh5+ Kg4 44. Qg6+ Kf4 45. Qg3# 1-0


[Site "https://www.chess.com"]

[Event "Titled Tuesday Blitz November 07 Early 2023"]
[White "Muhammad Shahzeb"]
[Black "Starozhilov, Leonid"]
[WhiteFideId "7804806"]
[BlackFideId "14106752"]
[WhiteElo "2404"]
[BlackElo "2688"]
[Result "0-1"]
[Round "3"]
[TimeControl "180+1"]
[Date "2023.11.07"]
[WhiteClock "0:00:00"]
[BlackClock "0:00:07"]
[Board "178"]

1. e4 g6 2. d3 Bg7 3. h4 h5 4. Nc3 c5 5. Be3 d6 6. Qd2 Nc6 7. O-O-O Qa5 8. Nge2 Nf6 9. f3 b5 10. Kb1 Be6 11. Nf4 b4 12. Nxe6 fxe6 13. Ne2 Rb8 14. d4 Nd7 15. d5 exd5 16. exd5 Nce5 17. Nf4 O-O 18. Ne6 Rf7 19. Be2 Nb6 20. Bh6 Nbc4 21. Bxc4 Nxc4 22. Qg5 Na3+ 23. Kc1 Bxb2+ 24. Kxb2 Rf6 25. Qc1 c4 26. Be3 b3 27. cxb3 cxb3 28. axb3 Nb5 29. Qc4 Qa3+ 30. Kc2 Qa2+ 31. Kd3 Na3 32. Qc3 Rxb3 33. Rc1 Nb5 0-1


[Site "https://www.chess.com"]